 Dungeon Crawl Stone Soup version 0.25-a0-71-ge910a4a285 (webtiles) character file.

Game seed: 4560466392081519996, levelgen mode: deterministic

114 CasualChangeling the Skirmisher (level 4, -6/29 HPs)
             Began as a Gargoyle Fighter on Nov 4, 2019.
             Killed by divine providence
             ... invoked by an orc priest
              (14 damage)
             ... on level 4 of the Dungeon.
             The game lasted 00:04:51 (1139 turns).

CasualChangeling the Skirmisher (Gargoyle Fighter)  Turns: 1139, Time: 00:04:51

Health: -6/29      AC: 13    Str: 20    XL:     4   Next: 98%
Magic:  4/4        EV:  5    Int:  9    God:
Gold:   118        SH:  9    Dex:  9    Spells: 3/3 levels left

rFire    . . .     SeeInvis .   a - +0 flail
rCold    . . .     Gourm    .   c - +0 shield
rNeg     + . .     Faith    .   j - +0 chain mail (curse)
rPois    ∞         Spirit   .   (no helmet)
rElec    +         Reflect  .   (no cloak)
rCorr    .         Harm     .   (no gloves)
MR       .....                  (no boots)
Stlth    ..........             (no amulet)
HPRegen  0.09/turn              (no ring)
MPRegen  0.09/turn              (no ring)

@: no status effects
A: negative energy resistance 1, electricity resistance, unbreathing,
petrification resistance, rot immunity, AC +3
a: no special abilities


You were on level 4 of the Dungeon.
You were not hungry.

You visited 1 branch of the dungeon, and saw 3 of its levels.

You collected 118 gold pieces.

Inventory:

Hand Weapons
 a - a +0 flail (weapon)
Armour
 c - a +0 shield (worn)
 j - a cursed +0 chain mail (worn)
Scrolls
 b - a scroll of remove curse {unknown}
 g - 2 scrolls of identify {unknown}
 m - a scroll of teleportation {unknown}
 n - a scroll of fear
 o - a scroll of magic mapping {unknown}
Potions
 d - a potion of might
 e - 2 potions of degeneration {unknown}
 h - 3 potions of magic {unknown}
 k - 2 potions of curing {unknown}
 l - a potion of mutation {unknown}
Comestibles
 f - 5 rations
 i - 2 chunks of flesh


   Skills:
 + Level 4.1 Fighting
 + Level 2.9 Maces & Flails
 + Level 4.1 Armour
 + Level 4.1 Shields


You had 3 spell levels left.
You didn't know any spells.
Your spell library was empty.

Dungeon Overview and Level Annotations

Branches:
Dungeon (4/15)
 Temple: D:4-7

Altars:
Fedhas
Gozag

Annotations:
D:4 exclusion: oklob plant


Innate Abilities, Weirdness & Mutations

You are resistant to torment.
Your stone body is resilient. (AC +3)
You are immune to poison.
You resist negative energy. (rN+)
You are resistant to electric shocks. (rElec)
You can survive without breathing.
You are immune to petrification.
You are immune to rotting.


Message History

The orc priest calls upon Beogh to heal the orc wizard.
The orc wizard's wounds heal themselves!
The orc wizard gestures at you while chanting.
The magic dart hits you but does no damage.
You sock the orc wizard!
The orc wizard is severely wounded.
The orc wizard gestures at you while chanting.
The magic dart hits you but does no damage.
An oklob plant comes into view.
The leopard gecko seems to regain its courage.
The orc wizard barely misses you.
Marking area around an oklob plant as unsafe for travelling.
Your shield and chain mail prevent you from hitting the orc wizard.
The orc wizard is heavily wounded.
You block the orc wizard's attack.
The orc wizard gestures wildly while chanting.
The orc wizard blinks!
The orc priest calls down the wrath of Beogh upon you.
Beogh smites you!
You die...

♣PPP.≈≈≈≈≈≈≈≈≈≈≈.P
#P♣P..≈≈≈≈...≈≈≈≈.PP
# ##P.≈≈≈≈._.≈≈≈≈.PP
♣P.≈≈≈≈...≈≈≈≈.P.
#P.≈≈≈≈≈.≈≈≈≈≈.♣P
#PP♣...≈≈≈≈.≈≈≈≈..PP
#P.PPP..≈≈≈.≈≈≈..#PP
##PPP♣P..≈≈.≈ol.P.PP
#PPPP#.P...§@..#.PP


#PPPP#PPP♣♣.P.PPPPP. #PP♣P.PP♣.♣♣♣PPPo.%. #PPPPPP♣.P# #PPP#.P #P#.PP.PP#P P♣♣PPP
##### # ## ## ## You could see an oklob plant, an orc priest, an orc wizard and
a leopard gecko.

Vanquished Creatures
  A bullfrog zombie (D:4)
  3 adders
  2 oozes (D:1)
  A dart slug (D:1)
  A leopard gecko (D:1)
  3 orcs (D:4)
  A ball python (D:2)
  3 bats (D:1)
  3 giant cockroaches
  3 goblins (D:1)
  2 hobgoblins (D:1)
  7 jackals (D:1)
  A quokka (D:1)
  2 frilled lizards
  5 kobolds (D:1)
  4 rats
42 creatures vanquished.

Vanquished Creatures (others)
  8 toadstools (D:4)
8 creatures vanquished.

Grand Total: 50 creatures vanquished

Notes
Turn   | Place    | Note
-------+----------+-------------------------------------------
     0 | D:1      | CasualChangeling the Gargoyle Fighter began the quest for
                  | the Orb.
     0 | D:1      | Reached XP level 1. HP: 14/14 MP: 1/1
   169 | D:1      | Reached XP level 2. HP: 18/19 MP: 2/2
   407 | D:1      | Reached XP level 3. HP: 24/24 MP: 3/3
   863 | D:2      | Reached XP level 4. HP: 29/29 MP: 4/4
   911 | D:2      | You fall into a shaft and drop 2 floors!
   963 | D:4      | Found an opulent altar of Gozag.
  1107 | D:4      | Found a blossoming altar of Fedhas.
  1138 | D:4      | Noticed an oklob plant
  1139 | D:4      | Killed from afar by an orc priest

Levels and vault maps discovered:
D:1:      scummos_arrival_simple_crosswalls, layout_rooms, minmay_pentomino_x2
D:2:      layout_rooms, kiku_gazebo_pond_becter
D:4:      cheibrodos_fertilizer, layout_loops_ring,
          nicolae_overflow_hidden_temple,
          nicolae_gozag_cash_rules_everything_around_me, tgw_fedhas,
          kennysheep_cross_room, roderic_batcave

Skill      XL: |  1  2  3  4 |
---------------+-------------+-----
Fighting       | 4 |  4.1
Armour         | 4 |  4.1
Shields        | 4 |  4.1
Maces & Flails | |  2.9

Action                   |  1- 3 |  4- 6 || total
-------------------------+-------+-------++-------
Melee: Flail             |   138 |    56 ||   194
  Use: Scroll            |       |     1 ||     1
  Eat: Chunk             |       |     1 ||     1
Armor: Chain mail        |   114 |    29 ||   143
       Scale mail        |     7 |       ||     7
Dodge: Dodged            |    38 |    13 ||    51
Block: Shield            |    87 |    38 ||   125

Table legend:
 A = Non-vault XP
 B = Vault XP
 C = Vault XP percentage of total XP
 D = Non-vault monster count
 E = Vault monster count
 F = Vault count percentage of total count
                 A         B        C        D         E       F
            +---------+---------+-------+---------+---------+-------
      Total |     162 |       2 |   1.2 |      41 |       1 |   2.4
            +---------+---------+-------+---------+---------+-------
        D:1 |      79 |       2 |   2.5 |      31 |       1 |   3.1
        D:2 |       5 |       0 |   0.0 |       3 |       0 |   0.0
        D:4 |      78 |       0 |   0.0 |       7 |       0 |   0.0
            +---------+---------+-------+---------+---------+-------
